Map: Lightshade LE

Players

Rex

  • Race: Zerg Zerg
  • League: Master
  • Spawn Location: 11:00

Nice - Winner!

  • Race: Protoss Protoss
  • League: Master
  • Spawn Location: 5:00

Event: DreamHack SC2 Masters 2020 Winter

VOD

Have the link to the VOD?

Description

Time

  • Played on: Oct. 24, 2020, 9:18 a.m.
  • Length: 14:32

All games in this series

Show
View Real Time Build Order
Export as new Build Order

Rex Zerg 

Build Orders: Hatch First 

Get SALT Encoding   

  12  0:00  Drone  
  13  0:12  Overlord  
  13  0:17  Drone  
  14  0:31  Drone x2  
  16  0:50  Hatchery  
  16  0:51  Drone  
  16  0:55  Drone  
  17  0:58  Drone  
  17  1:01  Extractor  
  17  1:14  Spawning Pool  
  17  1:17  Drone  
  17  1:20  Drone  
  18  1:28  Drone  
  19  1:39  Drone  
  20  1:49  Overlord  
  20  2:02  Metabolic Boost, Queen x2  
  24  2:09  Zergling x4  
  24  2:13  Drone  
  24  2:15  Drone  
  28  2:21  Drone  
  29  2:25  Drone  
  30  2:38  Hatchery  
  30  2:43  Zergling x2  
  30  2:49  Queen  
  32  2:54  Drone  
  32  2:55  Overlord  
  33  3:12  Drone  
  33  3:13  Drone x2  
  33  3:17  Drone x2  
  33  3:19  Overlord  
  38  3:20  Drone x2  
  38  3:24  Drone  
  40  3:27  Queen  
  40  3:28  Overlord  
  42  3:36  Overlord  
  42  3:37  Drone  
  43  3:45  Overlord  
  43  3:49  Drone x4  
  43  3:50  Drone  
  43  3:55  Drone x2, Roach Warren  
  49  3:58  Drone  
  49  4:00  Drone  
  51  4:04  Queen  
  53  4:12  Extractor  
  53  4:13  Zergling x2  
  53  4:14  Zergling x6  
  53  4:15  Zergling x2  
  57  4:20  Spore Crawler  
  57  4:22  Zergling x2  
  57  4:23  Zergling x6  
  60  4:25  Zergling x2  
  60  4:26  Zergling x2  
  60  4:30  Spore Crawler  
  60  4:38  Zergling x10  
  60  4:39  Zergling x2  
  66  4:46  Roach x3  
  72  4:54  Spore Crawler  
  70  5:00  Drone x6  
  72  5:07  Drone x3  
  72  5:08  Drone  
  72  5:10  Drone  
  72  5:13  Drone  
  76  5:20  Drone  
  73  5:22  Drone x4  
  73  5:24  Drone  
  73  5:28  Zergling x6  
  81  5:33  Lair  
  81  5:34  Roach  
  81  5:37  Roach  
  72  5:45  Roach  
  72  5:47  Roach x3  
  72  5:51  Roach  
  72  5:53  Roach  
  72  5:56  Roach x2  
  77  6:05  Roach x2  
  77  6:08  Overlord x2  
  81  6:17  Overlord  
  81  6:18  Overlord  
  81  6:24  Queen  
  81  6:27  Zergling x16  
  81  6:28  Drone x2  
  85  6:36  Queen  
  85  6:38  Drone x3  
  90  6:40  Overseer  
  90  6:48  Queen  
  90  6:50  Glial Reconstitution  
  90  6:52  Extractor  
  91  6:54  Roach x4  
  91  6:59  Overlord  
  99  7:02  Overseer  
  99  7:08  Drone  
  99  7:09  Drone x3  
  99  7:11  Extractor x2  
  101  7:16  Roach x2  
  101  7:19  Ravager  
  101  7:21  Extractor  
  105  7:23  Roach x2, Zergling x2  
  110  7:32  Drone x3  
  110  7:34  Drone x3  
  116  7:41  Overlord x2  
  116  7:44  Overlord  
  116  7:45  Evolution Chamber  
  116  7:46  Overlord x2  
  116  7:48  Overlord  
  115  7:55  Spire  
  114  8:00  Drone  
  114  8:01  Drone x5  
  114  8:05  Drone x5  
  125  8:11  Roach  
  127  8:17  Overseer  
  127  8:20  Overlord  
  127  8:24  Drone, Hatchery  
  127  8:25  Drone, Zerg Missile Weapons Level 1  
  128  8:33  Zergling x12  
  132  8:39  Drone x5  
  132  8:40  Hatchery  
  136  8:44  Queen  
  138  8:49  Overlord  
  138  8:58  Overlord x4  
  138  8:59  Overlord  
  138  9:02  Roach x3  
  144  9:10  Mutalisk x4  
  150  9:20  Roach x2  
  150  9:21  Roach x2  
  155  9:30  Roach x8  
  155  9:31  Roach x3  
  159  9:36  Roach x4  
  167  9:44  Roach x7  
  167  9:45  Ravager x8  
  186  9:48  Roach  
  186  9:50  Ravager x6  
  186  9:51  Ravager x2  
  186  9:57  Roach x4  
  186  10:09  Drone x6  
  186  10:11  Drone  
  193  10:16  Drone  
  193  10:19  Drone x2  
  193  10:20  Zerg Flyer Weapons Level 1, Hatchery  
  194  10:30  Ravager x5  
  194  10:34  Extractor  
  194  10:35  Spore Crawler, Spine Crawler  
  197  10:36  Zerg Missile Weapons Level 2  
  197  10:37  Extractor  
  192  11:07  Mutalisk x4  
  192  11:09  Mutalisk x3  
  188  11:18  Spine Crawler  
  188  11:19  Mutalisk x2, Spine Crawler  
  188  11:21  Zergling x24  
  198  11:27  Zergling x4  
  196  11:35  Mutalisk x4  
  196  11:36  Overlord x2  
  196  11:37  Zergling x2  
  196  11:38  Zergling x4  
  189  11:51  Mutalisk x3  
  189  11:54  Overlord x3  
  184  11:55  Hatchery  
  171  12:04  Mutalisk, Zergling x2  
  171  12:05  Zergling x18  
  167  12:17  Zergling x2  
  152  12:24  Mutalisk x3  
  152  12:26  Zergling x10  
  152  12:27  Zergling x2  
  154  12:31  Zergling x2  
  154  12:32  Zergling x2  
  144  12:38  Mutalisk  
  136  12:54  Zergling x6  
  111  12:59  Zergling x4  
Show
View Real Time Build Order
Export as new Build Order

Nice Protoss - Winner!

Build Orders: 1 Gate Expand, Archon Immortal, Dark Templar Rush 

Get SALT Encoding   

  12  0:00  Probe  
  13  0:12  Probe  
  14  0:20  Pylon  
  14  0:24  Probe  
  15  0:38  Gateway  
  15  0:40  Probe (Chrono Boost)  
  17  0:51  Assimilator, Probe (Chrono Boost)  
  17  0:56  Probe (Chrono Boost)  
  18  1:07  Probe  
  19  1:19  Probe  
  20  1:27  Nexus  
  20  1:38  Cybernetics Core  
  20  1:44  Assimilator  
  20  1:46  Probe  
  21  1:53  Pylon  
  21  1:59  Probe  
  22  2:11  Adept (Chrono Boost), Probe  
  22  2:14  Warp Gate  
  25  2:23  Probe  
  25  2:27  Twilight Council  
  26  2:31  Stalker (Chrono Boost)  
  26  2:36  Probe  
  29  2:39  Probe  
  30  2:48  Probe  
  31  2:52  Robotics Facility  
  31  2:57  Probe  
  32  3:02  Probe  
  32  3:04  Adept  
  35  3:09  Probe  
  36  3:14  Probe  
  37  3:21  Probe  
  37  3:25  Dark Shrine  
  37  3:26  Probe  
  39  3:27  Gateway  
  39  3:35  Gateway  
  39  3:36  Probe  
  39  3:38  Probe  
  41  3:45  Warp Prism (Chrono Boost)  
  43  3:50  Probe  
  44  3:55  Shield Battery  
  45  4:03  Pylon  
  45  4:05  Adept  
  45  4:08  Assimilator  
  46  4:11  Assimilator  
  48  4:32  Pylon  
  48  4:36  Adept  
  46  4:40  Dark Templar x2  
  46  4:41  Dark Templar  
  46  4:42  Probe x2 (Chrono Boost)  
  54  4:51  Pylon  
  56  4:54  Probe x2 (Chrono Boost)  
  56  5:00  Probe x2 (Chrono Boost)  
  54  5:08  Probe x2  
  56  5:19  Dark Templar x3  
  56  5:20  Probe x2  
  62  5:32  Probe x2  
  62  5:44  Probe x2  
  60  5:56  Probe x2  
  60  6:01  Dark Templar x3  
  66  6:06  Nexus  
  66  6:08  Pylon, Probe  
  66  6:09  Probe  
  68  6:12  Gateway  
  68  6:13  Gateway  
  68  6:15  Blink (Chrono Boost)  
  68  6:16  Gateway x2  
  68  6:21  Probe x2  
  70  6:26  Immortal (Chrono Boost)  
  72  6:33  Probe  
  72  6:34  Probe  
  72  6:37  Archon, Gateway  
  72  6:39  Shield Battery, Sentry  
  76  6:40  Sentry  
  76  6:41  Archon  
  76  6:43  Pylon  
  78  6:55  Forge  
  78  6:59  Observer (Chrono Boost)  
  78  7:01  Probe x2  
  78  7:02  Pylon  
  78  7:03  Pylon  
  81  7:12  Pylon  
  81  7:13  Probe  
  81  7:14  Pylon  
  82  7:16  Sentry  
  82  7:17  Probe  
  82  7:18  Immortal (Chrono Boost)  
  82  7:20  Probe  
  82  7:21  Protoss Ground Weapons Level 1 (Chrono Boost)  
  90  7:23  Assimilator  
  90  7:25  Assimilator, Probe  
  91  7:30  Sentry  
  93  7:49  Immortal (Chrono Boost)  
  97  7:57  Pylon  
  97  8:00  Pylon  
  97  8:03  Sentry  
  97  8:04  Stalker x4, Zealot  
  97  8:05  Zealot x2  
  113  8:10  Photon Cannon x2  
  113  8:13  Pylon  
  113  8:24  Robotics Bay  
  113  8:38  Immortal  
  117  8:50  Pylon  
  117  8:52  Stalker, Pylon  
  117  8:53  Stalker x6  
  117  8:54  Stalker, Photon Cannon  
  133  8:56  Photon Cannon  
  133  9:18  Nexus  
  133  9:20  Pylon  
  133  9:22  Extended Thermal Lance  
  133  9:28  Charge (Chrono Boost), Colossus (Chrono Boost)  
  133  9:38  Zealot x3  
  137  9:58  Stalker x3  
  137  9:59  Stalker x4  
  148  10:00  Stalker  
  148  10:05  Protoss Ground Weapons Level 2 (Chrono Boost)  
  144  10:12  Colossus (Chrono Boost)  
  150  10:22  Pylon  
  150  10:23  Pylon  
  150  10:25  Photon Cannon, Pylon  
  150  10:28  Shield Battery  
  150  10:30  Photon Cannon  
  150  10:33  Photon Cannon  
  150  10:34  Shield Battery  
  150  10:37  Sentry x3  
  150  10:38  Sentry  
  150  10:42  Stalker x2  
  160  11:04  Stalker x3  
  160  11:05  Stalker x3  
  170  11:25  Stalker x2  
  172  11:27  Stalker x4  
  172  11:28  Stalker  
  183  11:40  Colossus  
  186  11:57  Stalker x3  
  186  11:58  Stalker x2  
  194  12:02  Stalker  
  194  12:03  Stalker x2  
  173  12:28  Pylon  
  173  12:30  Pylon  
  173  12:31  Pylon  
  173  12:34  Pylon  
  173  12:41  Stalker x3  
  173  12:42  Stalker x3  
Tags
 
Add a new tag
Caveats
  • Supply blocks, unpowered buildings, or Contaminate may cause inaccurate times.
  • Supply counts are checked every 10 seconds.